 Dungeon Crawl Stone Soup version 0.13-a0-3016-gcb2faac (webtiles) character file.

172 4tharraofdagon the Digger (level 3, -3/26 HPs)
             Began as a Draconian Earth Elementalist on Sept 12, 2013.
             Slain by a centaur (4 damage)
             ... on Level 5 of the Dungeon.
             The game lasted 00:03:28 (757 turns).

4tharraofdagon the Digger (DrEE)                     Turns: 757, Time: 00:03:29

HP  -3/26        AC  5     Str 10      XL: 3   Next: 25%
MP   0/6         EV 15     Int 16      God:
Gold 134         SH  0     Dex 11      Spells:  1 memorised,  3 levels left

Res.Fire  : . . .   See Invis. : .     - Unarmed
Res.Cold  : . . .   Warding    : .   (armour unavailable)
Life Prot.: . . .   Conserve   : .   (no shield)
Res.Poison: .       Res.Corr.  : .   (helmet restricted)
Res.Elec. : .       Clarity    : .   (no cloak)
Sust.Abil.: . .     Spirit.Shd : .   (no gloves)
Res.Mut.  : .       Stasis     : .   (no boots)
Res.Rott. : .       Flight     : .   (no amulet)
Saprovore : . . .                    (no ring)
                                     k - +3 ring of evasion

@: not resistant to hostile enchantments, unstealthy
A: unfitting armour, AC +5
a: no special abilities


You were on level 5 of the Dungeon.
You were hungry.

You visited 1 branch of the dungeon, and saw 5 of its levels.

You collected 114 gold pieces.

Inventory:

Hand weapons
 j - a +1,+0 dwarven hand axe
Missiles
 b - 6 stones (quivered)
Comestibles
 a - a bread ration
 f - a lemon
 h - a meat ration
Scrolls
 e - a scroll of enchant armour {unknown}
 g - a scroll of remove curse {unknown}
 i - a scroll of teleportation {unknown}
Jewellery
 c - an uncursed amulet of conservation {unknown}
 k - a +3 ring of evasion (left hand)
Books
 d - a book of Geomancy

   Spells                             Type                      Level
   *Sandblast                         Earth                        1
   Stoneskin                          Transmutation/Earth          2
   Passwall                           Transmutation/Earth          3
   Stone Arrow                        Conjuration/Earth            3
   Petrify                            Transmutation/Earth          4
   Lee's Rapid Deconstruction         Earth                        5


   Skills:
 + Level 0.9 Fighting
 - Level 1.7 Dodging
 - Level 1.7 Stealth
 * Level 1.4 Unarmed Combat
 + Level 1.3 Spellcasting
   Level 1.0 Transmutations
 * Level 3.6 Earth Magic


You had 3 spell levels left.
You knew the following spells:

 Your Spells              Type           Power        Failure   Level  Hunger
a - Sandblast             Erth           ##....       8%          1    ##.....


Dungeon Overview and Level Annotations

Branches:
Dungeon (5/27)
 Temple: D:4-7

Altars:

Annotations:
D:1 1 exclusion


Message History

Casting: Sandblast
Confirm with . or Enter, or press ? or * to list all spells.
Aiming: Sandblast
Press: ? - help, Shift-Dir - straight line, f/p - centaur
Aim: a centaur (heavily wounded)
The rocky blast hits the centaur.
The centaur is almost dead.
You are feeling hungry.
The orc hits you with an orcish short sword.
* * * LOW HITPOINT WARNING * * *
The centaur misses you.
You aren't carrying any potions.
Wield which item (- for none, * to show all)? (? for menu, Esc to quit)
You are now empty-handed.
The centaur hits you.
* * * LOW HITPOINT WARNING * * *
The orc barely misses you.
You hit the centaur but do no damage.
The centaur is almost dead.
The centaur hits you.
You die...

#...##...###.#$#
.......#.#.#.#§####
##.##.#.......§§§#
#..........§.### #
#.##.......§§# ..
#..........#§#
##.##.#..#..[....####§#
#......................
#o@...............#
.......c.#^.<....###....#
#....##.......#.# .##.#
.... #.#.......# # #..
........##.# .
.........##.#
.........##)#
......#.##.# ...###.##.#


You could see a centaur and an orc.

Vanquished Creatures
  2 adders
  A giant gecko (D:4)
  An ooze (D:4)
  An orc (D:5)
  2 bats (D:3)
  A giant cockroach (D:1)
  5 kobolds
  2 quokkas
  A giant newt (D:3)
  A goblin (D:3)
  2 jackals (D:2)
  3 rats
22 creatures vanquished.

Notes
Turn   | Place    | Note
--------------------------------------------------------------
     0 | D:1      | 4tharraofdagon, the Draconian Earth Elementalist, began the quest for the Orb.
     0 | D:1      | Reached XP level 1. HP: 14/14 MP: 3/3
   177 | D:2      | Reached XP level 2. HP: 10/20 MP: 2/4
   243 | D:3      | Noticed an ogre
   305 | D:2      | Reached skill level 1 in Unarmed Combat
   679 | D:4      | Reached XP level 3. HP: 26/26 MP: 2/5
   704 | D:5      | Entered Level 5 of the Dungeon
   749 | D:5      | Noticed a centaur
   756 | D:5      | HP: 1/26 [centaur (6)]
   757 | D:5      | Slain by a centaur

Action                   || total
-------------------------++-------
Melee: Unarmed           ||    25
 Cast: Sandblast         ||    30
  Use: Potion            ||     1
 Stab: Sleeping          ||     1
